 Dungeon Crawl Stone Soup version 0.27.1-1-g398f81649c (webtiles) character file.

Game seed: 7372798268547689532

1124 jondo1214 the Chopper (level 8, -1/70 HPs)
             Began as a Hill Orc Fighter on Sept 14, 2021.
             Slain by a meliai zombie (2 damage)
             ... on level 5 of the Dungeon.
             The game lasted 00:13:16 (4642 turns).

jondo1214 the Chopper (Hill Orc Fighter)            Turns: 4642, Time: 00:13:17

Health: -1/70      AC: 11    Str: 26    XL:     8   Next: 35%
Magic:  10/10      EV:  8    Int:  9    God:
Gold:   108        SH: 10    Dex: 10    Spells: 9/9 levels left

rFire    + . .     SeeInvis .   a - +4 war axe
rCold    + . .     Faith    .   c - +0 kite shield
rNeg     . . .     Spirit   .   b - +0 scale mail
rPois    +         Reflect  .   (no helmet)
rElec    +         Harm     .   (no cloak)
rCorr    +         Rampage  .   (no gloves)
Will     .....                  (no boots)
Stlth    ..........             t - amulet of the acrobat
HPRegen  0.21/turn              e - +6 ring of strength
MPRegen  0.12/turn              p - +4 ring of protection

@: resistant, attractive, very slightly contaminated, invisible
A: no striking features
a: no special abilities


You were on level 5 of the Dungeon.
You visited 1 branch of the dungeon, and saw 5 of its levels.

You collected 108 gold pieces.

Inventory:

Hand Weapons
 a - a +4 war axe (weapon)
 r - a +0 long sword
Armour
 b - a +0 scale mail (worn)
 c - a +0 kite shield (worn)
Magical Staves
 h - a staff of death
Jewellery
 e - a +6 ring of strength (left hand)
 f - a ring of fire
 p - a +4 ring of protection (right hand)
 t - an amulet of the acrobat (around neck)
Scrolls
 l - a scroll of teleportation
 o - a scroll of identify
 s - a scroll of amnesia
Potions
 d - a potion of might
 g - a potion of cancellation
 k - 2 potions of lignification


   Skills:
 * Level 6.1 Fighting
 + Level 1.8(2.3) Short Blades
 + Level 2.3(2.7) Long Blades
 + Level 6.4(6.9) Axes
 + Level 2.0(4.2) Maces & Flails
 + Level 2.0(4.2) Polearms
 + Level 1.5(2.3) Staves
 + Level 1.5(2.0) Slings
 + Level 1.5 Bows
 + Level 1.5 Crossbows
 + Level 1.8(2.1) Throwing
 * Level 6.2 Armour
 + Level 1.8 Dodging
 + Level 1.7 Stealth
 * Level 6.0 Shields
 + Level 2.0 Unarmed Combat
 * Level 1.4 Spellcasting
 + Level 2.5 Conjurations
 + Level 1.8 Hexes
 + Level 1.8 Summonings
 + Level 1.8 Necromancy
 + Level 1.8 Translocations
 + Level 1.2 Transmutations
 + Level 2.0 Fire Magic
 + Level 1.5 Ice Magic
 + Level 1.4 Air Magic
 + Level 1.8 Earth Magic
 + Level 1.5 Poison Magic
 + Level 2.4 Invocations
 + Level 1.8 Evocations


You had 9 spell levels left.
You didn't know any spells.
Your spell library contained the following spells:

 Spells                   Type           Power      Damage    Failure   Level
 Pain                     Necr           12%        1d4       75%         1
 Beastly Appendage        Tmut           4%         N/A       82%         1
 Sublimation of Blood     Necr           1%         N/A       87%         2
 Wereblood                Tmut           2%         N/A       91%         2
 Spider Form              Tmut/Pois      1%         N/A       99%         3
 Agony                    Necr           3%         N/A       100%        5
 Excruciating Wounds      Necr           1%         N/A       100%        5
 Summon Hydra             Summ           1%         N/A       100%        7


Dungeon Overview and Level Annotations

Branches:
Dungeon (5/15)
 Temple: D:4-7

Altars:
Ashenzari
Qazlal


Message History

You block the meliai zombie's attack.
It was a potion of invisibility.
You fade into invisibility!
You block the meliai zombie's attack. x2
You are very lightly contaminated with residual magic.
You block the meliai zombie's attack.
The meliai zombie completely misses you.
The meliai zombie misses you.
The meliai zombie completely misses you.
The meliai zombie completely misses you.
You block the meliai zombie's attack.
You block the meliai zombie's attack. x2
The meliai zombie completely misses you. x2
The meliai zombie completely misses you.
You block the meliai zombie's attack. You block the meliai zombie's attack.
The meliai zombie completely misses you.
The meliai zombie completely misses you.
You block the meliai zombie's attack. The meliai zombie hits you.
* * * LOW HITPOINT WARNING * * *
You block the meliai zombie's attack. The meliai zombie barely misses you.
You block the meliai zombie's attack.
It was a potion of attraction.
You feel attractive to monsters. The meliai zombie closely misses you.
You block the meliai zombie's attack. The meliai zombie closely misses you.
The meliai zombie hits you but does no damage.
It was a potion of resistance.
You feel protected.
You block the meliai zombie's attack. x2; The meliai zombie barely misses you.
The meliai zombie hits you but does no damage.
You slash the meliai zombie!
The meliai zombie is lightly damaged.
The meliai zombie hits you.
* * * LOW HITPOINT WARNING * * *
You block the meliai zombie's attack.
The meliai zombie hits you but does no damage.
The meliai zombie hits you.
You die...

####### #.....#
#.###.# #.#<#.#
#...#.# #####.#
#### #....# ..#
#.#### #.#
########.# #@#
.........# #Z#
......####### #.#
......'))...# #.#
..)...#####.####.#
......# #......#
......# ########
.....(# .$....#


You could see a meliai zombie.

Vanquished Creatures
  2 black bears (D:4)
  An ogre (D:4)
  A jelly (D:5)
  An iguana (D:5)
  Terence (D:2)
  Natasha (thrice) (D:2)
  A hound skeleton (D:3)
  3 adders
  3 gnolls (D:5)
  An ufetubus (D:5)
  3 worms
  2 dart slugs
  2 orcs
  5 endoplasms
  8 giant cockroaches
  7 goblins
  7 hobgoblins
  8 jackals (D:1)
  4 quokkas
  5 ball pythons
  7 bats
  3 frilled lizards
  A kobold (D:4)
  3 rats
82 creatures vanquished.

Notes
Turn   | Place    | Note
-------+----------+-------------------------------------------
     0 | D:1      | jondo1214 the Hill Orc Fighter began the quest for the Orb.
     0 | D:1      | Reached XP level 1. HP: 19/19 MP: 1/1
   332 | D:1      | Found a faded altar of an unknown god.
   340 | D:1      | Reached XP level 2. HP: 26/26 MP: 2/2
   488 | D:1      | Learned a level 1 spell: Pain
   608 | D:1      | Reached XP level 3. HP: 29/33 MP: 3/3
  1147 | D:2      | Noticed Natasha
  1154 | D:2      | Killed Natasha
  1155 | D:2      | Reached XP level 4. HP: 18/40 MP: 4/4
  1253 | D:2      | Noticed Natasha
  1260 | D:2      | Killed Natasha
  1528 | D:2      | Noticed Natasha
  1540 | D:2      | Killed Natasha
  1541 | D:2      | Reached XP level 5. HP: 23/46 MP: 5/5
  1797 | D:2      | Noticed Terence
  1805 | D:2      | Killed Terence
  2982 | D:4      | Noticed a black bear
  2992 | D:4      | Killed a black bear
  2993 | D:4      | Reached skill level 1 in Spellcasting
  2993 | D:4      | Reached XP level 6. HP: 20/53 MP: 7/7
  3357 | D:4      | Reached skill level 5 in Axes
  3580 | D:4      | Noticed a black bear
  3586 | D:4      | Killed a black bear
  3599 | D:4      | Reached XP level 7. HP: 26/60 MP: 7/9
  3767 | D:4      | Found a broken altar of Ashenzari.
  3943 | D:4      | Found a stormy altar of Qazlal.
  4562 | D:5      | Entered Level 5 of the Dungeon
  4610 | D:5      | Reached skill level 5 in Shields
  4614 | D:5      | Reached skill level 5 in Armour
  4626 | D:5      | Reached skill level 1 in Short Blades
  4626 | D:5      | Reached skill level 1 in Staves
  4626 | D:5      | Reached skill level 1 in Slings
  4626 | D:5      | Reached skill level 1 in Bows
  4626 | D:5      | Reached skill level 1 in Crossbows
  4626 | D:5      | Reached skill level 1 in Throwing
  4626 | D:5      | Reached skill level 1 in Dodging
  4626 | D:5      | Reached skill level 1 in Stealth
  4626 | D:5      | Reached skill level 1 in Hexes
  4626 | D:5      | Reached skill level 1 in Summonings
  4626 | D:5      | Reached skill level 1 in Necromancy
  4626 | D:5      | Reached skill level 1 in Translocations
  4626 | D:5      | Reached skill level 1 in Transmutations
  4626 | D:5      | Reached skill level 1 in Ice Magic
  4626 | D:5      | Reached skill level 1 in Air Magic
  4626 | D:5      | Reached skill level 1 in Earth Magic
  4626 | D:5      | Reached skill level 1 in Poison Magic
  4626 | D:5      | Reached skill level 1 in Evocations
  4626 | D:5      | Reached XP level 8. HP: 12/70 MP: 10/10
  4626 | D:5      | HP: 3/70 [meliai zombie (3)]
  4638 | D:5      | HP: 1/70 [meliai zombie (5)]
  4642 | D:5      | Slain by a meliai zombie

Illustrated notes

Levels and vault maps discovered:
D:1:      tarquinn_simple_flora_water_a, layout_loops_ring,
          hellmonk_ecumenical_altar_lost_god
D:2:      layout_basic, serial_park_tiny_1, nrook_mini_backslash,
          item_on_display_a, uniq_terence, uniq_natasha
D:3:      layout_basic
D:4:      layout_layer_cave, mainiacjoe_overflow_tiny_flanked, kennysheep_mini
D:5:      layout_basic, temple_fountains, uniq_ijyb

Skill      XL: |  1  2  3  4  5  6  7 |
---------------+----------------------+-----
Axes           | 3 4 5 6 |  6.4
Armour         | 4 6 |  6.2
Fighting       | 4 6 |  6.1
Shields        | 4 6 |  6.0
Spellcasting   | 1 |  1.4
Short Blades   | 1 |  1.8
Long Blades    | 2 |  2.3
Maces & Flails | 2 |  2.0
Polearms       | 2 |  2.0
Staves         | 1 |  1.5
Slings         | 1 |  1.5
Bows           | 1 |  1.5
Crossbows      | 1 |  1.5
Throwing       | 1 |  1.8
Dodging        | 1 |  1.8
Stealth        | 1 |  1.7
Unarmed Combat | 2 |  2.0
Conjurations   | 2 |  2.5
Hexes          | 1 |  1.8
Summonings     | 1 |  1.8
Necromancy     | 1 |  1.8
Translocations | 1 |  1.8
Transmutations | 1 |  1.2
Fire Magic     | 2 |  2.0
Ice Magic      | 1 |  1.5
Air Magic      | 1 |  1.4
Earth Magic    | 1 |  1.8
Poison Magic   | 1 |  1.5
Invocations    | 2 |  2.4
Evocations     | 1 |  1.8

Action                   |  1- 3 |  4- 6 |  7- 9 || total
-------------------------+-------+-------+-------++-------
Melee: War axe           |    88 |    94 |    37 ||   219
  Use: Scroll            |     6 |     4 |     3 ||    13
       Potion            |       |       |     4 ||     4
Armor: Scale mail        |    61 |    48 |    24 ||   133
Dodge: Dodged            |    36 |    26 |    32 ||    94
Block: Kite shield       |    60 |    55 |    44 ||   159
